 Dungeon Crawl Stone Soup version 0.22-a0-533-g4d20840 (webtiles) character file.

115689 Amnesiac the Spry (level 16, -6/92 HPs)
             Began as a Spriggan Berserker on June 22, 2018.
             Was a High Priest of Trog.
             Mangled by a spriggan berserker
             ... wielding a +0 hand axe
              (27 damage)
             ... on level 2 of the Depths.
             The game lasted 01:11:24 (30289 turns).

Amnesiac the Spry (Spriggan Berserker)             Turns: 30289, Time: 01:11:25

Health: -6/92      AC: 16    Str: 21    XL:     16   Next: 19%
Magic:  0/28       EV: 27    Int: 10    God:    Trog [*****.]
Gold:   1450       SH:  0    Dex: 16    Spells: 15/15 levels left

rFire    . . .     SeeInvis +   a - +1 dagger (elec)
rCold    + + .     Gourm    .   (shield restricted)
rNeg     . . .     Faith    .   Z - +0 ice dragon scales
rPois    .         Spirit   +   U - +2 hat "Boavil" {*Contam Str+3}
rElec    .         Reflect  .   (no cloak)
rCorr    .         Harm     .   (gloves unavailable)
MR       ++...                  (boots unavailable)
Stlth    ..........             m - amulet of guardian spirit
HPRegen  0.25/turn              n - ring of protection from fire
MPRegen  0.21/turn              E - +3 ring of protection

@: hasted, very quick
A: very small, unfitting armour, see invisible, herbivore, speed 3, slow
metabolism 2
a: Berserk, Trog's Hand, Brothers in Arms, Renounce Religion


You were on level 2 of the Depths.
You worshipped Trog.
Trog was extremely pleased with you.
You were not hungry.

You visited 2 branches of the dungeon, and saw 17 of its levels.
You also visited: Labyrinth and Bailey.

You collected 1816 gold pieces.
You spent 366 gold pieces at shops.

Inventory:

Hand Weapons
 a - a +1 dagger of electrocution (weapon)
 A - a +0 blowgun
 P - a +2 hunting sling of velocity
Missiles
 b - 78 sling bullets
 l - 505 stones
 M - 39 tomahawks of returning (quivered)
 Y - 38 poisoned needles
Armour
 U - the +2 hat "Boavil" (worn) {*Contam Str+3}
   (You found it in a labyrinth)

   It affects your strength (+3).
   It causes magical contamination when unequipped.
 Z - +0 ice dragon scales (worn)
Jewellery
 m - an amulet of guardian spirit (around neck)
 n - a ring of protection from fire (left hand)
 v - an uncursed ring of resist corrosion
 E - a +3 ring of protection (right hand)
 H - an uncursed ring of magical power
Wands
 e - a wand of iceblast (14)
 k - a wand of enslavement (28)
 x - a wand of paralysis (37)
 D - a wand of digging (11)
 L - a wand of acid (9)
 T - a wand of disintegration (8)
 W - a wand of random effects (21)
 X - a wand of polymorph (10)
Scrolls
 f - 3 scrolls of enchant armour {!r}
 h - 3 scrolls of fog {!r}
 j - 13 scrolls of remove curse {!r}
 o - 3 scrolls of fear {!r}
 p - 9 scrolls of teleportation {!r}
 w - 2 scrolls of identify {!r}
 y - a scroll of vulnerability {!r}
 z - 3 scrolls of enchant weapon {!r}
 F - a scroll of blinking {!r}
 G - 2 scrolls of brand weapon {!r}
 J - 2 scrolls of magic mapping {!r}
 Q - a scroll of silence {!r}
Potions
 d - 6 potions of curing {!q}
 g - a potion of invisibility {!q}
 i - a potion of agility {!q}
 q - 7 potions of heal wounds {!q}
 r - a potion of might {!q}
 s - a potion of mutation {!q}
 u - 4 potions of magic {!q}
 C - a potion of haste {!q}
 I - a potion of berserk rage {!q}
 K - a potion of ambrosia {!q}
 N - a potion of resistance {!q}
 O - a potion of brilliance {!q}
 S - a potion of flight {!q}
Miscellaneous
 B - a lamp of fire
 V - 2 boxes of beasts
Comestibles
 c - 11 rations


   Skills:
 - Level 13.7 Fighting
 - Level 10.0 Short Blades
 + Level 7.6(7.7) Slings
 - Level 1.0(4.1) Throwing
 + Level 6.7 Armour
 - Level 16.1 Dodging
 - Level 15.8 Evocations


You had 15 spell levels left.
You didn't know any spells.
Your spell library contained the following spells:

 Spells                   Type           Power        Failure   Level  Hunger
 Bolt of Cold             Conj/Ice       #.........   100%        6    #######
 Lightning Bolt           Conj/Air       #.........   100%        5    ######.
 Bolt of Magma            Conj/Fire/Erth #.........   100%        5    ######.
 Confuse                  Hex            #.......     98%         3    ####...
 Freezing Cloud           Conj/Ice/Air   #.........   100%        6    #######
 Animate Dead             Necr           N/A          100%        4    #####..
 Pain                     Necr           #...         75%         1    ##.....
 Animate Skeleton         Necr           N/A          75%         1    ##.....
 Vampiric Draining        Necr           #.........   98%         3    ####...
 Ozocubu's Refrigeration  Ice            #.........   100%        6    #######
 Regeneration             Chrm/Necr      #.........   98%         3    ####...
 Tukima's Dance           Hex            #.......     98%         3    ####...
 Iron Shot                Conj/Erth      #.........   100%        6    #######
 Shock                    Conj/Air       #...         75%         1    ##.....
 Swiftness                Chrm/Air       #.......     86%         2    ###....
 Recall                   Summ/Tloc      N/A          98%         3    ####...
 Statue Form              Tmut/Erth      #........    100%        6    #######
 Ice Form                 Ice/Tmut       #.......     100%        4    #####..
 Death Channel            Necr           #.........   100%        6    #######
 Airstrike                Air            #.........   100%        4    #####..
 Ensorcelled Hibernation  Hex/Ice        #.....       86%         2    ###....
 Metabolic Englaciation   Hex/Ice        #.........   100%        5    ######.
 Shatter                  Erth           #.........   100%        9    #######
 Static Discharge         Conj/Air       #.......     98%         3    ####...
 Corona                   Hex            #......      75%         1    ##.....
 Simulacrum               Ice/Necr       #.........   100%        6    #######
 Leda's Liquefaction      Hex/Erth       #.........   100%        4    #####..
 Dazzling Spray           Conj/Hex       #.....       98%         3    ####...
 Borgnjor's Vile Clutch   Necr/Erth      #.........   100%        5    ######.


Dungeon Overview and Level Annotations

Branches:
Dungeon (15/15)            Temple (0/1) D:6            Lair (0/6) D:8
    Orc (0/2) D:11         Vaults (0/5) D:14         Depths (2/5) D:15

Altars:
Ashenzari
Dithmenos
Gozag
Hepliaklqana
Makhleb
Okawaru
Qazlal
Trog
Uskayaw
Vehumet
Wu Jian
Yredelemnul

Shops:
D:7 (   D:8 ?


Innate Abilities, Weirdness & Mutations

You are very small and have problems with some larger weapons.
You are too small for most types of armour.
You have supernaturally acute eyesight. (SInv)
You are a herbivore.
You cover ground extremely quickly.
You need to consume almost no food.


Message History

The polar bear rages.
You hear a trumpeting!
The spriggan berserker mumbles some strange prayers to Trog.
The spriggan berserker goes berserk!
The spriggan berserker rages.
You hear an angry growl.
You hear a trumpeting! x2
There is an open door here.
The spriggan berserker rages.
Evoke which item? (* to show all) (? for menu, Esc to quit)
Aiming: Corrosive Bolt
Press: ? - help, Shift-Dir - straight line, f/p - spriggan berserker
Aim: a spriggan berserker, wielding a flail of holy wrath and wearing an animal skin (heavily wounded, berserk, fast, unusually strong)
The bolt of acid misses the spriggan berserker.
The bolt of acid hits the spriggan berserker.
The spriggan berserker is splashed with acid.
The acid corrodes the spriggan berserker!
The spriggan berserker is almost dead.
The spriggan berserker misses you.
Evoke which item? (* to show all) (? for menu, Esc to quit)
Aiming: Corrosive Bolt
Press: ? - help, Shift-Dir - straight line, f/p - spriggan berserker
Aim: a spriggan berserker, wielding a flail of holy wrath and wearing an animal skin (almost dead, berserk, fast, unusually strong, covered in acid)
The bolt of acid hits the spriggan berserker.
The spriggan berserker is splashed with acid.
The spriggan berserker is severely wounded.
The bolt of acid hits the spriggan berserker.
The spriggan berserker is splashed with acid.
The acid corrodes the spriggan berserker!
You kill the spriggan berserker!
Trog accepts your kill.
You hear a trumpeting!
The spriggan berserker rages.
The spriggan berserker hits you with a hand axe!
* * * LOW HITPOINT WARNING * * *
You hear a trumpeting!
You hear a trumpeting!
You hear a bellow!
You hear a trumpeting!
Evoke which item? (* to show all) (? for menu, Esc to quit)
Aiming: Corrosive Bolt
Press: ? - help, Shift-Dir - straight line, f - spriggan berserker
Aim: a spriggan berserker, wielding a hand axe and wearing an animal skin (severely wounded, berserk, fast, unusually strong, regenerating, resistant to hostile enchantments)
The bolt of acid hits the spriggan berserker.
The spriggan berserker is splashed with acid.
The acid corrodes the spriggan berserker!
You kill the spriggan berserker!
Trog accepts your kill.
You hear a trumpeting!
Evoke which item? (* to show all) (? for menu, Esc to quit)
Aiming: Corrosive Bolt
Press: ? - help, Shift-Dir - straight line, f - spriggan berserker
Aim: a spriggan berserker, wielding a hand axe and wearing an animal skin (berserk, fast, unusually strong)
The bolt of acid misses the spriggan berserker.
You hear an angry growl.
The spriggan berserker hits you with a hand axe.
* * * LOW HITPOINT WARNING * * *
You hear a trumpeting!
You hear a trumpeting!
The spriggan berserker rages.
You hear a trumpeting!
You hear a trumpeting!
There is a stone staircase leading up here.
You hear a trumpeting!
The spriggan berserker hits you with a hand axe!!
You die...

..#....................#
..#...................###########
..#.....##....##......##...##....
.###....##....##............>....
.###....##.....#.................
..'Y.....).....#.................
..#...Y........#......####+###...
..#............#i.....##...###'##
..###...##....##@...........#....
### #+##########......##....#....
#########....'.... #....##...
##########


You could see a spriggan berserker (berserk).

Vanquished Creatures
  Roxanne (D:15)
  An orc warlord (Bailey)
  A stone giant (Depths:1)
  An ettin (Depths:1)
  A minotaur (Lab)
  3 fire dragons
  A yaktaur captain (D:14)
  3 ice dragons
  A vault guard (D:14)
  A rakshasa (D:14)
  2 great orbs of eyes
  6 hydras
  15 two-headed ogres
  6 centaur warriors
  2 ogre magi (D:15)
  3 spriggan berserkers (Depths:2)
  Urug (D:15)
  A deep elf knight (D:14)
  6 unseen horrors
  A lindwurm (shapeshifter) (D:15)
  An orc knight (D:15)
  6 ugly things
  An orc sorcerer (D:15)
  A wolf spider (D:15)
  2 manticores (D:14)
  A deep elf mage (D:13)
  4 cyclopes
  2 centaur zombies
  Psyche (D:7)
  2 gargoyles
  6 yaktaurs
  A freezing wraith (D:15)
  2 komodo dragons
  An efreet (D:10)
  3 trolls
  A hornet (D:12)
  Prince Ribbit (D:5)
  4 slime creatures (D:13)
  2 centaur simulacra
  A shadow (D:14)
  4 wyverns
  A vampire (D:13)
  2 redbacks (Lab)
  6 yaks
  2 water elementals (D:12)
  A wraith (D:14)
  3 basilisks
  5 hungry ghosts
  A steam dragon (D:8)
  4 vampire mosquitoes
  2 acid dragons
  4 soldier ants
  Duvessa (D:4)
  8 ice beasts
  3 phantoms
  12 orc warriors
  7 sky beasts
  3 black bears
  A wolf (D:12)
  12 ogres
  4 centaurs
  A crocodile (D:8)
  8 bullfrogs
  A wyvern zombie (D:8)
  A gnoll sergeant (D:11)
  A water moccasin skeleton (D:10)
  4 scorpions
  Dowan (D:4)
  2 troll zombies (D:11)
  7 electric eels (D:11)
  2 howler monkeys
  8 crimson imps
  2 bullfrog zombies
  17 orc priests
  5 hounds
  5 jellies
  5 centaur skeletons
  4 bullfrog skeletons
  4 iguanas
  14 orc wizards
  11 worker ants
  6 ogre zombies (D:11)
  A bullfrog simulacrum (D:12)
  A hound skeleton (D:11)
  A worker ant zombie (D:7)
  14 gnolls
  A howler monkey zombie (D:11)
  12 adders
  A howler monkey skeleton (D:6)
  A shadow imp (D:14)
  A white imp (D:12)
  3 ufetubi (D:12)
  2 oozes
  2 adder zombies
  An adder skeleton (D:6)
  4 worms
  3 dart slugs
  6 leopard geckos
  56 orcs
  A ball python (D:3)
  10 bats
  2 giant cockroaches
  3 goblins
  14 hobgoblins
  6 jackals
  25 kobolds
  2 quokkas
  9 frilled lizards
  3 goblin skeletons (D:11)
  A goblin zombie (D:11)
  3 hobgoblin skeletons (D:11)
  2 hobgoblin zombies (D:11)
  A leopard gecko skeleton (D:5)
  5 orc skeletons (D:11)
  11 orc zombies (D:11)
  8 rats
  A spectral orc (D:9)
512 creatures vanquished.

Vanquished Creatures (collateral kills)
  A spriggan berserker (Depths:2)
1 creature vanquished.

Vanquished Creatures (others)
  A redback (D:15)
  An orc (D:11)
  8 plants (D:11)
10 creatures vanquished.

Grand Total: 523 creatures vanquished

Notes
Turn   | Place    | Note
-------+----------+-------------------------------------------
     0 | D:1      | Amnesiac the Spriggan Berserker began the quest for the Orb.
     0 | D:1      | Reached XP level 1. HP: 11/11 MP: 2/2
   626 | D:1      | Reached XP level 2. HP: 14/16 MP: 3/3
  1003 | D:1      | Reached XP level 3. HP: 19/19 MP: 4/4
  1292 | D:2      | Reached ** piety under Trog
  1488 | D:2      | Reached skill level 5 in Short Blades
  1644 | D:2      | Found a hazy altar of Hepliaklqana.
  2126 | D:3      | Reached XP level 4. HP: 23/23 MP: 5/5
  2211 | D:3      | HP: 1/23 [poisoned by an adder]
  2656 | D:3      | Found a shadowy altar of Dithmenos.
  2658 | D:3      | Found a burning altar of Makhleb.
  2669 | D:3      | Reached XP level 5. HP: 17/28 MP: 3/6
  2947 | D:3      | Reached *** piety under Trog
  2981 | D:4      | Noticed an ogre
  2997 | D:4      | Killed an ogre
  2997 | D:4      | Reached XP level 6. HP: 31/32 MP: 7/7
  3833 | D:3      | Found a stormy altar of Qazlal.
  3833 | D:3      | Found an ornate altar of the Wu Jian Council.
  3964 | D:5      | Entered Level 5 of the Dungeon
  4005 | D:5      | Noticed Duvessa
  4005 | D:5      | Noticed Dowan
  4059 | D:4      | Killed Dowan
  4059 | D:4      | Reached XP level 7. HP: 3/36 MP: 8/8
  4060 | D:4      | Killed Duvessa
  4060 | D:4      | Reached skill level 5 in Dodging
  4254 | D:5      | Found a shattered altar of Ashenzari.
  4292 | D:5      | Noticed Prince Ribbit
  4316 | D:5      | Killed Prince Ribbit
  4316 | D:5      | Reached skill level 6 in Dodging
  4322 | D:5      | Reached skill level 5 in Fighting
  4416 | D:5      | Reached XP level 8. HP: 43/43 MP: 9/9
  4451 | D:5      | Reached skill level 1 in Evocations
  4665 | D:5      | Reached **** piety under Trog
  4718 | D:6      | Found a staircase to the Ecumenical Temple.
  5107 | D:6      | Reached skill level 5 in Evocations
  5628 | D:6      | Reached skill level 7 in Dodging
  6512 | D:7      | Found a bloodstained altar of Trog.
  6512 | D:7      | Found a radiant altar of Vehumet.
  6599 | D:7      | Found a hide-covered altar of Uskayaw.
  6615 | D:7      | Found Quwn's Weapon Boutique.
  6650 | D:7      | Reached XP level 9. HP: 41/48 MP: 13/15
  6923 | D:7      | Found an opulent altar of Gozag.
  7008 | D:7      | Reached skill level 8 in Dodging
  7018 | D:7      | You fall through a shaft for 2 floors!
  7064 | D:8      | Noticed Psyche
  7073 | D:7      | Found a basalt altar of Yredelemnul.
  7095 | D:7      | Reached ***** piety under Trog
  7230 | D:7      | Killed Psyche
  7293 | D:8      | Noticed a two-headed ogre
  7309 | D:8      | Noticed a two-headed ogre
  7515 | D:8      | Found Waewonoq's Magic Scroll Shop.
  7523 | D:8      | Bought a scroll of blinking for 90 gold pieces
  7523 | D:8      | Bought a scroll of brand weapon for 240 gold pieces
  7523 | D:8      | Bought a scroll of remove curse for 36 gold pieces
  7601 | D:8      | Killed a two-headed ogre
  7601 | D:8      | Reached skill level 9 in Dodging
  7824 | D:8      | Noticed a two-headed ogre
  8049 | D:7      | Killed a two-headed ogre
  8049 | D:7      | Reached skill level 10 in Dodging
  8049 | D:7      | Reached XP level 10. HP: 55/56 MP: 17/17
  8345 | D:8      | Killed a two-headed ogre
  8575 | D:8      | Reached skill level 10 in Evocations
  8641 | D:8      | Found a staircase to the Lair.
  9045 | D:9      | Noticed a two-headed ogre
  9078 | D:9      | Killed a two-headed ogre
  9078 | D:9      | Reached skill level 11 in Dodging
  9275 | D:9      | Found a basalt altar of Yredelemnul.
  9344 | D:9      | Noticed a two-headed ogre
  9377 | D:9      | Killed a two-headed ogre
  9385 | D:9      | Reached XP level 11. HP: 58/62 MP: 19/19
  9860 | D:10     | Entered Level 10 of the Dungeon
  9943 | D:10     | Noticed an unseen horror
  9960 | D:10     | Killed an unseen horror
 10021 | D:10     | Noticed a two-headed ogre
 10027 | D:10     | Killed a two-headed ogre
 10027 | D:10     | Reached skill level 10 in Fighting
 10027 | D:10     | Reached skill level 12 in Dodging
 10240 | D:10     | Found a flagged portal.
 10252 | Bailey   | Entered a bailey
 10257 | Bailey   | Noticed an orc warlord
 10358 | Bailey   | Found a runed gate.
 10360 | Bailey   | Found a runed gate.
 10378 | Bailey   | Found a runed gate.
 10841 | Bailey   | Killed an orc warlord
 14284 | D:11     | Reached ****** piety under Trog
 14399 | D:11     | Found a staircase to the Orcish Mines.
 14411 | D:11     | Received a gift from Trog
 16350 | D:11     | Received a gift from Trog
 16529 | D:11     | Reached XP level 12. HP: 56/69 MP: 21/21
 17001 | D:12     | Reached skill level 13 in Dodging
 17624 | D:12     | Noticed a two-headed ogre
 17649 | D:12     | Killed a two-headed ogre
 17726 | D:12     | Noticed a two-headed ogre
 17753 | D:12     | Killed a two-headed ogre
 17753 | D:12     | Reached skill level 10 in Short Blades
 18447 | D:13     | Found a labyrinth entrance.
 18520 | Lab      | Entered a labyrinth
 18921 | Lab      | Noticed a minotaur
 18930 | Lab      | Killed a minotaur
 18944 | Lab      | Got a slimy hat
 18970 | Lab      | Identified the +2 hat "Boavil" {*Contam Str+3} (You found it in a labyrinth)
 19039 | D:13     | Noticed a two-headed ogre
 19053 | D:13     | Killed a two-headed ogre
 19053 | D:13     | Reached skill level 14 in Dodging
 19340 | D:13     | Noticed an eight-headed hydra
 19356 | D:13     | Killed a four-headed hydra
 19876 | D:13     | Found an iron altar of Okawaru.
 20122 | D:14     | Reached XP level 13. HP: 72/75 MP: 24/24
 20330 | D:14     | Found a gate to the Vaults.
 21500 | D:14     | Reached skill level 5 in Armour
 21500 | D:14     | Reached XP level 14. HP: 68/81 MP: 25/25
 21501 | D:14     | Reached XP level 15. HP: 72/85 MP: 27/27
 21557 | D:14     | Got a slimy robe
 21580 | D:14     | Reached skill level 15 in Dodging
 21820 | D:15     | Entered Level 15 of the Dungeon
 21968 | D:15     | Reached skill level 15 in Evocations
 23329 | D:15     | Found a burning altar of Makhleb.
 23358 | D:15     | Noticed Roxanne
 23904 | D:14     | Identified the +0 robe of Umosociu {-Tele rCorr Stlth+} (You found it on level 14 of the Dungeon)
 24472 | D:15     | Noticed Urug
 24523 | D:15     | Found a staircase to the Depths.
 24645 | D:15     | Received a gift from Trog
 25080 | D:15     | Killed Urug
 25168 | D:15     | Reached skill level 16 in Dodging
 26328 | D:15     | Killed Roxanne
 27967 | Depths:1 | Entered Level 1 of the Depths
 28098 | D:15     | Reached skill level 1 in Throwing
 29024 | Depths:1 | Reached XP level 16. HP: 83/92 MP: 25/28
 29042 | Depths:1 | Reached skill level 5 in Slings
 30289 | Depths:2 | Mangled by a spriggan berserker

Vault maps used:
D:1:      dpeg_arrival_signposts
D:2:      old_standard_altar
D:3:      nicolae_overflow_hidden_temple, serial_corexii_hall,
          corexii_hall_statues_x, corexii_hall_statues_i, first_ration
D:4:      minmay_misc_feat_roman
D:5:      nicolae_ashenzari_panopticon, uniq_prince_ribbit1, uniq_duvessa
D:6:      minmay_temple_entry_glass
D:7:      lemuel_upstairs_altar, gammafunk_temple_overflow_wave,
          nicolae_overflow_crystal_walls, serial_shops, nicolae_shop_trees,
          grunt_gozag_statues
D:8:      erik_lair_dragon, serial_shops, shop, serial_co_window_serial,
          co_window_corner_a, co_window_paths_a, co_window_corner_a,
          co_window_corner_a, co_window_paths_b, co_window_paths_b,
          co_window_corner_a, co_window_corner_b, co_window_unsneaky_path_b,
          co_window_2corner, co_window_corner_b, co_window_unsneaky_path_e,
          co_window_paths_e, glass_columns_a, glass_columns_c, glass_columns_b,
          glass_columns_b, glass_columns_b, uniq_psyche
D:9:      yredelemnul_forgotten_temple_becter
D:10:     kennysheep_blocky_hall, enter_bailey_2, minmay_radiant
D:11:     zombieorc2_lemuel, serial_bayou, serial_bayou_ford_a,
          serial_bayou_lagoon_b, serial_bayou_crossing, serial_bayou_shore_b,
          serial_bayou_pond_a
D:12:     serial_ice, serial_ice_j, serial_ice_m, serial_ice_e, serial_ice_d,
          hangedman_pestilent_swarm
D:13:     lab_entry_generic, lemuel_statue_altar
D:14:     david_vaults_5, minmay_evil_grid
D:15:     grunt_enter_depths_hoard, lemuel_coloured_pillars_altar, minivault_12,
          uniq_roxanne, uniq_urug
Depths:1: minmay_misc_feat_enclosed, grunt_hell_entry_dis_mu,
          abyss_entry_flame_altar, rand_demon_pan_entry_7, lemuel_flamethrower_3
Depths:2: kennysheep_scales, hell_entry, kennysheep_nondescript,
          minmay_guarded_unrand_wrath_of_trog
Lab:      nicolae_lab_checkerboard, nicolae_lab_hexagon, nicolae_lab_swirl,
          labyrinth_skeletal_remains, nicolae_lab_stuck, nicolae_lab_x,
          nicolae_lab_arrow, nicolae_lab_plus
Bailey:   bailey_axe_bossmonster_kennysheep, bailey

Skill      XL: |  1  2  3  4  5  6  7  8  9 10 11 12 13 14 15 16 |
---------------+-------------------------------------------------+-----
Short Blades   | 4 5 7 8 9 10 | 10.0
Fighting       | 3 5 6 8 9 10 12 13 | 13.7
Dodging        | 6 7 10 11 12 14 16 | 16.1
Evocations     | 6 9 10 11 13 14 15 | 15.8
Armour         | 5 6 |  6.7
Slings         | 4 7 |  7.6
Throwing       | 1 |  1.0

Action                   |  1- 3 |  4- 6 |  7- 9 | 10-12 | 13-15 | 16-18 || total
-------------------------+-------+-------+-------+-------+-------+-------++-------
Melee: Short sword       |   105 |   177 |   314 |    39 |       |       ||   635
       Dagger            |       |       |   158 |  1374 |   765 |   176 ||  2473
       Scimitar          |       |       |       |    26 |     9 |       ||    35
 Fire: Arbalest          |       |       |       |       |    28 |       ||    28
Throw: Tomahawk          |       |       |       |     1 |       |       ||     1
Invok: Berserk           |       |     1 |     1 |       |       |     1 ||     3
       Brothers in Arms  |       |       |       |       |       |     3 ||     3
Evoke: Wand              |       |       |     1 |     1 |    12 |     6 ||    20
       Lamp of fire      |       |       |       |     1 |       |       ||     1
  Use: Potion            |       |     1 |     2 |       |     4 |     1 ||     8
       Scroll            |       |       |     1 |    22 |     5 |       ||    28
 Stab: Sleeping          |     3 |     2 |     2 |     5 |       |       ||    12
       Distracted        |       |       |     1 |     3 |       |       ||     4
       Paralysed         |       |       |       |     1 |     2 |       ||     3
       Confused          |       |       |       |       |     1 |       ||     1
  Eat: Ration            |       |     1 |     3 |    11 |     4 |     2 ||    21
Armor: Animal skin       |     5 |    13 |    10 |    17 |       |       ||    45
       Acid dragon scale |       |       |       |    13 |    51 |     4 ||    68
       Robe              |       |       |       |       |    14 |     1 ||    15
       Ice dragon scales |       |       |       |       |       |     8 ||     8
Dodge: Dodged            |    81 |   115 |   294 |   963 |   516 |   132 ||  2101
       Rpst.: Scimitar   |       |       |       |     8 |     1 |       ||     9

Table legend:
 A = Spawn XP
 B = Non-spawn XP
 C = Spawn XP percentage of total XP
 D = Spawn monster count
 E = Non-spawn monster count
 F = Spawn count percentage of total count
 G = Total turns spent on level
                    A         B        C        D         E        F      G
               +---------+---------+-------+---------+---------+-------+---------
         Total |       0 |   91784 |   0.0 |       0 |     512 |   0.0 | 30289
               +---------+---------+-------+---------+---------+-------+---------
           D:1 |       0 |      45 |   0.0 |       0 |      25 |   0.0 |  1474
           D:2 |       0 |      43 |   0.0 |       0 |      17 |   0.0 |  1035
           D:3 |       0 |     130 |   0.0 |       0 |      28 |   0.0 |  1043
           D:4 |       0 |     597 |   0.0 |       0 |      19 |   0.0 |  1176
           D:5 |       0 |     913 |   0.0 |       0 |      28 |   0.0 |   731
           D:6 |       0 |     824 |   0.0 |       0 |      32 |   0.0 |  1654
           D:7 |       0 |    2277 |   0.0 |       0 |      21 |   0.0 |  1439
           D:8 |       0 |    3771 |   0.0 |       0 |      23 |   0.0 |  1534
           D:9 |       0 |    3831 |   0.0 |       0 |      25 |   0.0 |   963
          D:10 |       0 |    3127 |   0.0 |       0 |      19 |   0.0 |   891
          D:11 |       0 |    5292 |   0.0 |       0 |      93 |   0.0 |  3370
          D:12 |       0 |    6874 |   0.0 |       0 |      34 |   0.0 |  1210
          D:13 |       0 |    5706 |   0.0 |       0 |      20 |   0.0 |  1332
          D:14 |       0 |   16362 |   0.0 |       0 |      30 |   0.0 |  2942
          D:15 |       0 |   22781 |   0.0 |       0 |      46 |   0.0 |  4480
      Depths:1 |       0 |   10896 |   0.0 |       0 |      14 |   0.0 |   630
      Depths:2 |       0 |    3765 |   0.0 |       0 |       6 |   0.0 |   446
           Lab |       0 |    2315 |   0.0 |       0 |       7 |   0.0 |   480
        Bailey |       0 |    2235 |   0.0 |       0 |      25 |   0.0 |  3459
               +---------+---------+-------+---------+---------+-------+---------
